 Dungeon Crawl Stone Soup version 0.21.1-1-g345015fe64 (webtiles) character file.

32 Razz the Insei (level 3, -5/23 HPs)
             Began as an Octopode Transmuter on June 7, 2018.
             Slain by a gnoll
             ... wielding a +0 whip
              (8 damage)
             ... on level 1 of the Dungeon.
             The game lasted 00:04:24 (977 turns).

Razz the Insei (Octopode Transmuter)                 Turns: 977, Time: 00:04:25

Health: -5/23      AC:  1    Str:  9    XL:     3   Next: 27%
Magic:  6/6        EV: 13    Int: 15    God:
Gold:   22         SH:  0    Dex: 13    Spells: 2/6 levels left

rFire    . . .     SeeInvis .     - Unarmed
rCold    . . .     Gourm    .   (no shield)
rNeg     . . .     Faith    .   (helmet restricted)
rPois    .         Spirit   .   (no amulet)
rElec    .         Reflect  .   (no ring)
rCorr    .         Harm     .   (no ring)
MR       .....                  (no ring)
Stlth    ++........             (no ring)
HPRegen  0.07/turn              (no ring)
MPRegen  0.10/turn              (no ring)
                                (no ring)
                                (no ring)

@: no status effects
A: almost no armour, stealthy swim, amphibious, 8 rings, constrict 8, camouflage
1, gelatinous body 1
a: no special abilities


You were on level 1 of the Dungeon.
You were not hungry.

You visited 1 branch of the dungeon, and saw 2 of its levels.

You collected 22 gold pieces.

Inventory:

Missiles
 a - 47 arrows
Scrolls
 e - a scroll of enchant weapon {unknown}
 f - 4 scrolls of amnesia {unknown}
 i - a scroll of teleportation {unknown}
Potions
 d - a potion of curing {unknown}
 g - a potion of brilliance {unknown}
Books
 b - a book of Changes

   Spells                             Type                      Level
   a - Beastly Appendage              Transmutation                1
   b - Sticks to Snakes               Transmutation                2
   c - Spider Form                    Transmutation/Poison         3
   d - Ice Form                       Ice/Transmutation            4
   e - Blade Hands                    Transmutation                5
Comestibles
 c - 3 rations


   Skills:
 + Level 1.5 Fighting
 - Level 2.2 Dodging
 * Level 3.4 Unarmed Combat
 + Level 2.0 Spellcasting
 * Level 2.6 Transmutations


You had 2 spell levels left.
You knew the following spells:

 Your Spells              Type           Power        Failure   Level  Hunger
a - Beastly Appendage     Tmut           #.....       8%          1    #......
b - Spider Form           Tmut/Pois      #.........   36%         3    ###....


Dungeon Overview and Level Annotations

Branches:
Dungeon (2/15)

Altars:


Innate Abilities, Weirdness & Mutations

You cannot wear most types of armour.
You are very stealthy in the water. (Stealth+)
You are amphibious.
You can wear up to eight rings at the same time.
You can use your tentacles to constrict eight enemies at once.
Your skin changes colour to match your surroundings (Stealth+).
Your rubbery body absorbs attacks. (AC +1, EV +1)


Message History

There is a stone staircase leading up here.
The gnoll barely misses you. The gnoll misses you. The gnoll barely misses you.
The gnoll hits you with a whip! The kobold closely misses you.
You climb upwards.
There is a stone staircase leading down here.
The gnoll completely misses you. The gnoll hits you with a whip.
* * * LOW HITPOINT WARNING * * *
You tentacle-slap the gnoll but do no damage.
You grab the gnoll.
You constrict the gnoll, but do no damage.
The gnoll closely misses you.
You tentacle-slap the gnoll.
The gnoll is moderately wounded.
You constrict the gnoll, but do no damage.
The gnoll barely misses you.
You tentacle-slap the gnoll but do no damage.
The gnoll is moderately wounded.
You constrict the gnoll. The gnoll hits you with a whip!
You die...

######## #......# #......#
#......####### #............#
#### #......#####.#######
########... #......#
#...@gK.###..........
#......##########......######..#
##........#....g#..##..##.......#
#..............g.................
...............gK.#....######..#.
###...............#.........#....
#.#...............#.>......)#....
..#...............#..............
†.#......>..................#..†.


You could see a gnoll and a kobold.

Vanquished Creatures
  A dart slug (D:1)
  3 bats (D:1)
  4 giant cockroaches (D:1)
  4 goblins (D:1)
  2 hobgoblins (D:1)
  2 jackals (D:1)
  5 kobolds
  A quokka (D:2)
  4 rats (D:1)
26 creatures vanquished.

Notes
Turn   | Place    | Note
-------+----------+-------------------------------------------
     0 | D:1      | Razz the Octopode Transmuter began the quest for the Orb.
     0 | D:1      | Reached XP level 1. HP: 13/13 MP: 3/3
   103 | D:1      | Reached XP level 2. HP: 8/18 MP: 5/5
   525 | D:1      | Reached XP level 3. HP: 22/23 MP: 6/6
   534 | D:1      | Learned a level 3 spell: Spider Form
   977 | D:1      | Slain by a gnoll

Action                   || total
-------------------------++-------
Melee: Short sword       ||     8
       Unarmed           ||    46
       Constrict         ||    16
       Tentacles         ||    11
       Punch             ||     2
 Stab: Distracted        ||     2
       Sleeping          ||     2
Armor: Skin              ||     5
Dodge: Dodged            ||    45
